 Dungeon Crawl Stone Soup version 0.26-a0-651-gb41185065b (webtiles) character file.

Game seed: 3075945449265005513

47 Lanoc the Charlatan (level 3, -1/29 HPs)
             Began as a Minotaur Artificer on Oct 9, 2020.
             Killed from afar by an orc wizard (5 damage)
             ... with a magic dart
             ... on level 3 of the Dungeon.
             The game lasted 00:02:04 (1568 turns).

Lanoc the Charlatan (Minotaur Artificer)            Turns: 1568, Time: 00:02:05

Health: -1/29      AC:  5    Str: 15 (16) XL:     3   Next: 48%
Magic:  2/2        EV: 11    Int:  6 (8)  God:
Gold:   70         SH:  0    Dex:  6 (9)  Spells: 2/2 levels left

rFire    + . .     SeeInvis .   a - +0 club
rCold    + + .     Faith    .   (no shield)
rNeg     . . .     Spirit   .   b - +0 leather armour
rPois    +         Reflect  .   (helmet restricted)
rElec    +         Harm     .   (no cloak)
rCorr    +         Rampage  .   (no gloves)
MR       .....     Rnd*Tele +   (no boots)
Stlth    ..........             (no amulet)
HPRegen  0.09/turn              m - ring of attention (curse)
MPRegen  0.08/turn              (no ring)

@: resistant
A: retaliatory headbutt, horns 2, icy blue scales 1, clumsy 1, cold resistance
1, teleportitis 1
a: no special abilities


You were on level 3 of the Dungeon.
You visited 1 branch of the dungeon, and saw 3 of its levels.

You collected 70 gold pieces.

Inventory:

Hand Weapons
 a - a +0 club (weapon)
Armour
 b - a +0 leather armour (worn)
Jewellery
 m - a cursed ring of attention (left hand)
Wands
 c - a wand of flame (15)
 d - a wand of enslavement (15)
 e - a wand of random effects (14)
Scrolls
 f - a scroll of amnesia {unknown}
 g - a scroll of remove curse {unknown}
 k - a scroll of fog {unknown}
 l - 4 scrolls of identify {unknown}


   Skills:
 + Level 2.1 Fighting
 + Level 3.0 Armour
 + Level 1.9 Dodging
 - Level 0.7 Stealth
 * Level 3.3 Evocations


You had 2 spell levels left.
You didn't know any spells.
Your spell library was empty.

Dungeon Overview and Level Annotations

Branches:
Dungeon (3/15)

Altars:
Nemelex Xobeh
Ru
Vehumet


Innate Abilities, Weirdness & Mutations

You reflexively headbutt those who attack you in melee.
You have a pair of horns on your head.
You are partially covered in icy blue scales. (AC +2)
You are clumsy. (Dex -2)
Your flesh is cold resistant. (rC+)
You are occasionally teleported next to monsters.


Message History

Something hits you but does no damage.
You hit something but do no damage. Your headbutt misses something.
Something hits you.
* * * LOW HITPOINT WARNING * * *
It was a potion of resistance.
You feel protected. Something hits you.
* * * LOW HITPOINT WARNING * * *
It was a potion of degeneration.
There was something very wrong with that liquid.
You feel weakened.
You feel dopey.
You feel clumsy. Something hits you.
* * * LOW HITPOINT WARNING * * *
It was a potion of mutation.
You feel extremely strange.
Icy blue scales grow over part of your body.
You feel weirdly uncertain.
You feel clumsy.
You feel resistant to cold. Something hits you but does no damage.
A magic dart appears from out of thin air!
The magic dart hits you.
You die...

......##..........###
#####.##.>.....####
.#..........# #####
.....§○.....# ##...#
#...☼)○.#######....#
.##.°☼○...........⌠.##
...............÷.....##
..#..###...÷...[⌠...⌠.#
##. #...{.@........# .
#..........<...#
#..............#
#....#.#...⌠...⌠.#
###..#.+.........#
#.....#.....⌠.#.#
#...............#
#.....###########
.......


There were no monsters in sight!

Vanquished Creatures
  An adder (D:2)
  A worm (D:3)
  A dart slug (D:2)
  2 leopard geckos
  4 orcs (D:3)
  4 goblins
  4 hobgoblins
  4 kobolds
  2 bats (D:3)
  A frilled lizard (D:3)
  2 rats (D:3)
26 creatures vanquished.

Vanquished Creatures (others)
  5 orcs (D:3)
5 creatures vanquished.

Grand Total: 31 creatures vanquished

Notes
Turn   | Place    | Note
-------+----------+-------------------------------------------
     0 | D:1      | Lanoc the Minotaur Artificer began the quest for the Orb.
     0 | D:1      | Reached XP level 1. HP: 16/16 MP: 0/0
   416 | D:2      | Reached XP level 2. HP: 12/24 MP: 1/1
   737 | D:2      | Found a sparkling altar of Nemelex Xobeh.
   738 | D:2      | Found a sacrificial altar of Ru.
   771 | D:3      | Found a radiant altar of Vehumet.
   845 | D:3      | Reached XP level 3. HP: 25/29 MP: 2/2
  1565 | D:3      | Gained mutation: You are partially covered in icy blue
                  | scales. (AC +2) [potion of mutation]
  1565 | D:3      | Gained mutation: You are occasionally teleported next to
                  | monsters. [potion of mutation]
  1565 | D:3      | Gained mutation: You are clumsy. (Dex -2) [potion of
                  | mutation]
  1565 | D:3      | Gained mutation: Your flesh is cold resistant. (rC+)
                  | [potion of mutation]
  1568 | D:3      | Killed from afar by an orc wizard

Illustrated notes

Levels and vault maps discovered:
D:1:      giann_wishing_wells, layout_basic, minmay_gold_behind_fungi,
          minmay_tromino_mix6
D:2:      layout_basic, minitemple,
          nicolae_gozag_cash_rules_everything_around_me
D:3:      layout_basic, xom_redecorated, fiery_altar_vehumet,
          grunt_ministairs_2, uniq_terence

Skill      XL: |  1  2  3 |
---------------+----------+-----
Evocations     | 3 |  3.3
Fighting       | 2 |  2.1
Armour         | 3 |  3.0
Dodging        | |  1.9
Stealth        | |  0.7

Action                   || total
-------------------------++-------
Melee: Club              ||    88
       Headbutt          ||    12
Evoke: Wand              ||     1
  Use: Potion            ||     3
Armor: Leather armour    ||    24
Dodge: Dodged            ||    66

Table legend: (Time is in decaauts)
 A = Elapsed time spent in this place.
 B = Non-inter-level travel time spent in this place.
 C = Inter-level travel time spent in this place.
 D = Time resting spent in this place.
 E = Time spent auto-exploring this place.
 F = Levels seen in this place.
 G = Mean time per level.
                   A        B        C        D        E       F      G
               +--------+--------+--------+--------+--------+-----+--------+
         Total |   1593 |   1569 |     24 |    264 |   1061 |   3 |  531.0 |
       Dungeon |   1593 |   1569 |     24 |    264 |   1061 |   3 |  531.0 |
               +--------+--------+--------+--------+--------+-----+--------+

Top non-repeatable levels by time:
     D:3: 815 daAuts
     D:2: 587 daAuts
     D:1: 190 daAuts
